General information
- name: BNet
- type: Ladder team game (AT/RT)
- host: Battle.net
- saver: FlameChallenger
map: Deathknell
- players: 8
- length: 28:39
- speed: Fast
- version: 1.26 W3XP
- replay type: Public
» download(207 KB)
Players
team 1 (loser)

»
Paula_Deen (
blue | 79 APM | 2234 actions | 28:25)
7 Blademaster
3 Wind Walk
3 Critical Strike
1 Bladestorm
3 Shadow Hunter
1 Hex
2 Healing Wave
» actions
| Assign group hotkey | 21 | |
| Basic commands | 143 | |
| Build / train | 76 | |
| Enter build submenu | 24 | |
| Enter hero's abilities submenu | 10 | |
| Give item / drop item | 2 | |
| Remove unit from queue | 4 | |
| Right click | 1355 | |
| Select / deselect | 400 | |
| Select group hotkey | 86 | |
| Use ability | 113 | |
2234 total
» units
| Peon | 9 | |
| Grunt | 8 | |
| Shaman | 4 | |
| Tauren | 7 | |
| Goblin Shredder | 1 | |
29 total
» upgrades
| Pillage | 1 | |
| Armor | 1 | |
| Melee Weapons | 2 | |
| Shaman Training | 2 | |
| Pulverize | 1 | |
| Reinforced Defenses | 1 | |
| Spirit Walker Training | 1 | |
9 total
» buildings
| Altar of Storms | 1 | |
| Orc Burrow | 7 | |
| Barracks | 1 | |
| Voodoo Lounge | 1 | |
| Stronghold | 1 | |
| War Mill | 1 | |
| Fortress | 1 | |
| Spirit Lodge | 1 | |
| Tauren Totem | 4 | |
| Great Hall | 3 | |
| Watch Tower | 4 | |
25 total
» build order
00:13 Altar of Storms
00:24 Orc Burrow
00:42 Barracks
01:39 Orc Burrow
02:02 Voodoo Lounge
02:53 Orc Burrow
04:48 Stronghold
06:30 War Mill
07:13 Fortress
07:23 Spirit Lodge
09:53 Tauren Totem
09:58 Tauren Totem
11:27 Great Hall
12:10 Orc Burrow
12:40 Orc Burrow
15:54 Orc Burrow
16:08 Watch Tower
17:15 Watch Tower
17:18 Watch Tower
18:08 Great Hall
19:16 Watch Tower
22:58 Orc Burrow
24:01 Tauren Totem
24:12 Tauren Totem
25:21 Great Hall
» items
| Healing Salve | 5 | |
| Lesser Clarity Potion | 6 | |
| Scroll of Speed | 2 | |
| Orb of Lightning | 1 | |
| Scroll of Town Portal | 3 | |
| Potion of Healing | 1 | |
| Potion of Mana | 2 | |
20 total

»
alloviarge (
yellow | 30 APM | 845 actions | 28:30)
6 Blademaster
3 Wind Walk
3 Mirror Image
» actions
| Basic commands | 3 | |
| Build / train | 102 | |
| Enter build submenu | 31 | |
| Enter hero's abilities submenu | 5 | |
| Remove unit from queue | 3 | |
| Right click | 354 | |
| Select / deselect | 282 | |
| Use ability | 65 | |
845 total
» units
| Peon | 37 | |
| Grunt | 9 | |
| Troll Headhunter/Berserker | 3 | |
| Raider | 22 | |
| Shaman | 4 | |
75 total
» upgrades
| Pillage | 1 | |
| Ensnare | 1 | |
| Melee Weapons | 3 | |
| Armor | 3 | |
| Reinforced Defenses | 1 | |
| Shaman Training | 2 | |
| Spiked Barricades | 1 | |
12 total
» buildings
| Orc Burrow | 12 | |
| Altar of Storms | 1 | |
| Barracks | 1 | |
| War Mill | 1 | |
| Stronghold | 1 | |
| Great Hall | 2 | |
| Voodoo Lounge | 1 | |
| Beastiary | 2 | |
| Fortress | 1 | |
| Spirit Lodge | 1 | |
| Watch Tower | 7 | |
30 total
» build order
00:14 Orc Burrow
00:21 Altar of Storms
00:47 Barracks
01:48 Orc Burrow
02:06 War Mill
02:51 Orc Burrow
04:01 Orc Burrow
05:00 Stronghold
05:03 Orc Burrow
06:09 Great Hall
06:28 Orc Burrow
06:38 Voodoo Lounge
07:29 Beastiary
09:31 Beastiary
09:56 Orc Burrow
10:25 Fortress
10:56 Spirit Lodge
11:04 Orc Burrow
14:16 Orc Burrow
14:33 Orc Burrow
14:48 Watch Tower
14:54 Watch Tower
16:07 Orc Burrow
16:10 Orc Burrow
16:19 Watch Tower
17:06 Watch Tower
17:13 Watch Tower
18:33 Watch Tower
18:37 Watch Tower
25:43 Great Hall
» items
| Potion of Healing | 2 | |
| Scroll of Town Portal | 1 | |
3 total
tumpas (
green | 32 APM | 908 actions | 28:36)
6 Mountain King
2 Thunder Clap
3 Storm Bolt
1 Avatar
3 Archmage
2 Brilliance Aura
1 Summon Water Elemental
» actions
| Build / train | 74 | |
| Enter build submenu | 33 | |
| Enter hero's abilities submenu | 9 | |
| Right click | 456 | |
| Select / deselect | 268 | |
| Use ability | 68 | |
908 total
» units
| Peasant | 14 | |
| Rifleman | 8 | |
| Priest | 5 | |
| Goblin Shredder | 1 | |
| Mortar Team | 8 | |
| Siege Engine | 1 | |
37 total
» upgrades
| Masonry | 2 | |
| Gunpowder | 3 | |
| Armor | 2 | |
| Long Rifles | 1 | |
| Lumber Harvesting | 1 | |
| Fragmentation Shards | 1 | |
| Flare | 1 | |
| Barrage | 1 | |
12 total
» buildings
| Altar of Kings | 1 | |
| Barracks | 1 | |
| Farm | 9 | |
| Lumber Mill | 1 | |
| Scout Tower | 12 | |
| Blacksmith | 1 | |
| Guard Tower | 4 | |
| Arcane Vault | 1 | |
| Arcane Tower | 3 | |
| Keep | 1 | |
| Arcane Sanctum | 1 | |
| Workshop | 3 | |
| Castle | 1 | |
| Town Hall | 1 | |
40 total
» build order
00:08 Altar of Kings
00:13 Barracks
00:22 Farm
00:58 Farm
01:33 Lumber Mill
02:04 Scout Tower
02:31 Blacksmith
02:35 Guard Tower
02:41 Scout Tower
02:59 Arcane Vault
03:13 Arcane Tower
03:16 Farm
03:34 Keep
04:19 Scout Tower
04:40 Farm
05:01 Arcane Tower
05:21 Farm
06:16 Arcane Sanctum
07:20 Farm
08:02 Farm
09:00 Scout Tower
09:55 Workshop
10:02 Farm
10:46 Arcane Tower
10:49 Scout Tower
11:34 Scout Tower
11:49 Scout Tower
12:08 Guard Tower
15:01 Scout Tower
15:13 Castle
15:55 Guard Tower
15:59 Workshop
16:08 Town Hall
16:26 Scout Tower
17:14 Workshop
18:15 Farm
18:49 Scout Tower
19:34 Guard Tower
19:37 Scout Tower
22:56 Scout Tower
» items
| Scroll of Regeneration | 3 | |
| Scroll of Town Portal | 1 | |
| Orb of Fire | 1 | |
5 total
Heyclown (
red | 46 APM | 1325 actions | 28:37)
4 Crypt Lord
2 Carrion Beetles
1 Impale
1 Spiked Carapace
» actions
| Assign group hotkey | 57 | |
| Basic commands | 2 | |
| Build / train | 60 | |
| ESC pressed | 1 | |
| Enter build submenu | 24 | |
| Enter hero's abilities submenu | 4 | |
| Remove unit from queue | 10 | |
| Right click | 421 | |
| Select / deselect | 440 | |
| Select group hotkey | 262 | |
| Use ability | 44 | |
1325 total
» units
| Acolyte | 11 | |
| Ghoul | 9 | |
| Crypt Fiend | 9 | |
| Obsidian Statue | 4 | |
33 total
» upgrades
| Web | 1 | |
| Burrow | 1 | |
| Creature Attack | 1 | |
| Creature Carapace | 1 | |
| Unholy Strength | 1 | |
| Unholy Armor | 1 | |
6 total
» buildings
| Graveyard | 1 | |
| Crypt | 2 | |
| Ziggurat | 6 | |
| Altar of Darkness | 1 | |
| Tomb of Relics | 1 | |
| Spirit Tower | 1 | |
| Nerubian Tower | 1 | |
| Halls of the Dead | 1 | |
| Sacrificial Pit | 2 | |
| Slaughterhouse | 1 | |
| Necropolis | 1 | |
18 total
» build order
00:22 Graveyard
00:31 Crypt
00:46 Ziggurat
01:08 Altar of Darkness
01:18 Tomb of Relics
01:45 Spirit Tower
01:59 Ziggurat
02:52 Nerubian Tower
03:26 Halls of the Dead
04:53 Ziggurat
06:43 Crypt
08:34 Sacrificial Pit
08:38 Slaughterhouse
08:43 Sacrificial Pit
08:49 Ziggurat
09:27 Ziggurat
18:16 Ziggurat
19:28 Necropolis
» items
| Dust of Appearance | 1 | |
| Scroll of Town Portal | 1 | |
| Sacrificial Skull | 1 | |
3 total
team 2 (winner)
dunkard (
pink | 96 APM | 2761 actions | 28:38)
7 Keeper of the Grove
3 Entangling Roots
3 Force of Nature
1 Tranquility
2 Priestess of the Moon
1 Trueshot Aura
1 Scout
» actions
| Assign group hotkey | 12 | |
| Basic commands | 1 | |
| Build / train | 73 | |
| Enter build submenu | 26 | |
| Enter hero's abilities submenu | 9 | |
| Right click | 1666 | |
| Select / deselect | 571 | |
| Select group hotkey | 323 | |
| Use ability | 80 | |
2761 total
» units
» upgrades
| Moon Armor | 3 | |
| Strength of the Moon | 3 | |
| Abolish Magic | 1 | |
| Upgrade Moon Glaive | 1 | |
| Well Spring | 1 | |
| Strength of the Wild | 2 | |
| Reinforced Hides | 1 | |
| Ultravision | 1 | |
| Hardened Skin | 1 | |
| Resistant Skin | 1 | |
| Sentinel | 1 | |
| Improved Bows | 1 | |
| Marksmanship | 1 | |
| Vorpal Blades | 1 | |
19 total
» buildings
| Altar of Elders | 2 | |
| Moon Well | 12 | |
| Hunter's Hall | 2 | |
| Ancient of War | 2 | |
| Tree of Ages | 1 | |
| Ancient of Lore | 2 | |
| Tree of Eternity | 1 | |
| Tree of Life | 1 | |
| Ancient of Wonders | 2 | |
| Ancient Protector | 3 | |
28 total
» build order
00:12 Altar of Elders
00:17 Moon Well
01:48 Hunter's Hall
02:03 Ancient of War
02:04 Ancient of War
02:53 Moon Well
02:57 Moon Well
03:08 Moon Well
04:56 Tree of Ages
07:48 Ancient of Lore
07:50 Ancient of Lore
08:44 Tree of Eternity
08:57 Tree of Life
09:53 Ancient of Wonders
10:46 Moon Well
10:48 Moon Well
17:02 Hunter's Hall
19:43 Ancient Protector
22:00 Altar of Elders
22:03 Moon Well
22:23 Moon Well
22:24 Moon Well
22:33 Ancient Protector
22:34 Ancient Protector
22:57 Moon Well
23:32 Moon Well
23:34 Moon Well
25:37 Ancient of Wonders
FlameChallenger (
teal | 56 APM | 1615 actions | 28:39)
6 Blood Mage
3 Flame Strike
2 Siphon Mana
1 Summon Phoenix
» actions
| Assign group hotkey | 21 | |
| Basic commands | 36 | |
| Build / train | 111 | |
| Enter build submenu | 61 | |
| Enter hero's abilities submenu | 6 | |
| Remove unit from queue | 1 | |
| Right click | 764 | |
| Select / deselect | 355 | |
| Select group hotkey | 84 | |
| Use ability | 176 | |
1615 total
» units
| Peasant | 26 | |
| Footman | 6 | |
| Goblin Shredder | 1 | |
| Goblin Sapper | 5 | |
| Sorceress | 4 | |
| Goblin Zeppelin | 2 | |
44 total
» upgrades
| Sorceress Training | 1 | |
| Masonry | 3 | |
| Magic Sentry | 1 | |
| Swords | 2 | |
| Armor | 2 | |
| Animal War Training | 1 | |
10 total
» buildings
| Altar of Kings | 1 | |
| Barracks | 1 | |
| Farm | 6 | |
| Lumber Mill | 1 | |
| Scout Tower | 54 | |
| Arcane Tower | 3 | |
| Arcane Vault | 1 | |
| Town Hall | 2 | |
| Keep | 1 | |
| Arcane Sanctum | 1 | |
| Guard Tower | 14 | |
| Castle | 1 | |
| Blacksmith | 2 | |
| Gryphon Aviary | 4 | |
92 total
» build order
00:40 Altar of Kings
00:42 Barracks
00:49 Farm
00:50 Farm
01:10 Farm
01:53 Farm
01:58 Lumber Mill
02:43 Scout Tower
03:13 Arcane Tower
04:05 Arcane Vault
04:10 Town Hall
05:37 Keep
06:49 Scout Tower
08:38 Arcane Sanctum
08:49 Scout Tower
08:50 Scout Tower
08:53 Scout Tower
09:11 Scout Tower
09:13 Scout Tower
09:17 Farm
09:21 Guard Tower
09:25 Guard Tower
09:27 Guard Tower
09:37 Scout Tower
09:40 Scout Tower
09:51 Guard Tower
09:59 Scout Tower
10:07 Arcane Tower
10:10 Guard Tower
10:13 Arcane Tower
10:18 Farm
10:23 Scout Tower
10:24 Scout Tower
10:24 Scout Tower
10:25 Scout Tower
10:25 Scout Tower
10:26 Scout Tower
10:31 Guard Tower
12:51 Guard Tower
12:57 Castle
14:41 Blacksmith
14:43 Blacksmith
16:04 Scout Tower
16:05 Scout Tower
16:05 Scout Tower
16:05 Scout Tower
16:55 Guard Tower
19:44 Guard Tower
22:48 Scout Tower
22:49 Scout Tower
22:49 Scout Tower
22:50 Scout Tower
22:50 Scout Tower
22:51 Scout Tower
22:52 Scout Tower
22:52 Scout Tower
22:53 Scout Tower
25:25 Scout Tower
25:25 Scout Tower
25:25 Scout Tower
25:26 Scout Tower
25:27 Scout Tower
25:27 Scout Tower
25:28 Scout Tower
25:28 Scout Tower
25:55 Town Hall
26:02 Scout Tower
26:12 Scout Tower
26:13 Scout Tower
26:13 Scout Tower
26:14 Scout Tower
26:14 Scout Tower
26:15 Scout Tower
26:16 Scout Tower
26:17 Scout Tower
26:17 Scout Tower
26:20 Scout Tower
26:24 Scout Tower
26:25 Scout Tower
26:41 Guard Tower
27:22 Guard Tower
27:28 Guard Tower
27:59 Guard Tower
28:08 Guard Tower
28:19 Gryphon Aviary
28:20 Gryphon Aviary
28:20 Gryphon Aviary
28:21 Gryphon Aviary
28:32 Scout Tower
28:33 Scout Tower
28:35 Scout Tower
28:36 Scout Tower
» items
| Healing Salve | 1 | |
| Scroll of Regeneration | 6 | |
| Scroll of Town Portal | 5 | |
| Potion of Mana | 6 | |
| Potion of Healing | 7 | |
| Lesser Clarity Potion | 4 | |
| Dust of Appearance | 1 | |
30 total

»
andrewjackson (
purple | 34 APM | 977 actions | 28:38)
6 Blademaster
1 Wind Walk
3 Critical Strike
1 Mirror Image
1 Bladestorm
2 Shadow Hunter
1 Healing Wave
1 Serpent Ward
2 Tauren Chieftain
1 War Stomp
1 Endurance Aura
» actions
| Assign group hotkey | 1 | |
| Basic commands | 12 | |
| Build / train | 91 | |
| Enter build submenu | 23 | |
| Enter hero's abilities submenu | 10 | |
| Right click | 398 | |
| Select / deselect | 292 | |
| Select group hotkey | 5 | |
| Use ability | 145 | |
977 total
» units
| Peon | 16 | |
| Grunt | 9 | |
| Troll Headhunter/Berserker | 5 | |
| Troll Witch Doctor | 6 | |
| Wind Rider | 3 | |
| Raider | 1 | |
40 total
» upgrades
| Melee Weapons | 1 | |
| Armor | 1 | |
| Reinforced Defenses | 1 | |
| Pillage | 1 | |
| Witch Doctor Training | 2 | |
| War Drums Damage Increase | 1 | |
| Ensnare | 1 | |
| Ranged Weapons | 1 | |
| Berserker Strength | 1 | |
| Envenomed Spears | 1 | |
11 total
» buildings
| Orc Burrow | 6 | |
| Barracks | 1 | |
| Altar of Storms | 1 | |
| Voodoo Lounge | 1 | |
| War Mill | 1 | |
| Stronghold | 1 | |
| Great Hall | 2 | |
| Watch Tower | 7 | |
| Fortress | 1 | |
| Spirit Lodge | 1 | |
| Beastiary | 1 | |
23 total
» build order
00:23 Orc Burrow
00:55 Barracks
01:10 Altar of Storms
01:23 Orc Burrow
01:50 Voodoo Lounge
02:34 War Mill
03:44 Stronghold
04:52 Great Hall
05:02 Watch Tower
06:43 Watch Tower
06:47 Fortress
06:54 Orc Burrow
07:01 Spirit Lodge
07:49 Watch Tower
08:11 Watch Tower
09:27 Watch Tower
10:50 Beastiary
12:02 Orc Burrow
13:20 Watch Tower
13:28 Watch Tower
16:06 Orc Burrow
17:31 Orc Burrow
19:06 Great Hall
» items
| Healing Salve | 6 | |
| Scroll of Speed | 5 | |
| Scroll of Town Portal | 6 | |
| Orb of Lightning | 3 | |
| Lesser Clarity Potion | 2 | |
| Potion of Mana | 2 | |
| Potion of Healing | 1 | |
25 total
eric213 (
orange | 63 APM | 1818 actions | 28:38)
9 Blademaster
3 Wind Walk
3 Critical Strike
1 Bladestorm
2 Mirror Image
» actions
| Assign group hotkey | 40 | |
| Basic commands | 32 | |
| Build / train | 87 | |
| ESC pressed | 1 | |
| Enter build submenu | 30 | |
| Enter hero's abilities submenu | 9 | |
| Remove unit from queue | 6 | |
| Right click | 919 | |
| Select / deselect | 375 | |
| Select group hotkey | 248 | |
| Use ability | 71 | |
1818 total
» units
| Peon | 16 | |
| Grunt | 26 | |
| Gnoll Overseer | 1 | |
| Shaman | 8 | |
| Tauren | 3 | |
54 total
» upgrades
| Armor | 4 | |
| Melee Weapons | 3 | |
| Berserker Strength | 1 | |
| Shaman Training | 2 | |
| Pillage | 1 | |
| Pulverize | 1 | |
12 total
» buildings
| Altar of Storms | 1 | |
| Orc Burrow | 7 | |
| Voodoo Lounge | 1 | |
| Barracks | 3 | |
| War Mill | 1 | |
| Stronghold | 1 | |
| Fortress | 1 | |
| Spirit Lodge | 3 | |
| Great Hall | 1 | |
| Tauren Totem | 2 | |
| Watch Tower | 7 | |
28 total
» build order
00:07 Altar of Storms
00:17 Orc Burrow
01:11 Orc Burrow
01:27 Voodoo Lounge
02:02 Barracks
02:48 Orc Burrow
03:11 War Mill
06:06 Stronghold
06:17 Orc Burrow
07:41 Orc Burrow
08:39 Fortress
08:48 Spirit Lodge
08:58 Barracks
09:12 Barracks
10:03 Spirit Lodge
11:40 Great Hall
12:58 Spirit Lodge
13:02 Orc Burrow
13:05 Orc Burrow
23:16 Tauren Totem
23:22 Tauren Totem
27:04 Watch Tower
27:05 Watch Tower
27:06 Watch Tower
27:16 Watch Tower
27:51 Watch Tower
28:21 Watch Tower
28:23 Watch Tower
» items
| Healing Salve | 1 | |
| Lesser Clarity Potion | 3 | |
| Orb of Lightning | 1 | |
5 total
Chat log
(00:13 / All) FlameChallenger: Listen up bitches, there's a new deputy in town
(00:17 / All) FlameChallenger: Name of Jacob Campbell
(00:18 / All) dunkard: cool
(00:23 / All) eric213: story
(00:27 / All) dunkard: |BA
(00:27 / All) dunkard: BRA
(00:34 / All) FlameChallenger: You're all going to obey the law, or I'll arrest ya and toss your asses in prison
(00:46 / All) dunkard: mamma i'm scared
(01:06 / All) FlameChallenger: and the sheriff Kodos Forsaken is gonna rape ya asses and not give you a phone call
(01:19 / All) dunkard: yay!
(01:23 / All) dunkard: i mean...
(01:28 / All) dunkard: penisland
(04:28 / Allies) FlameChallenger: gold?
(04:30 / Allies) andrewjackson: take tome
(04:55 / Allies) FlameChallenger: wood?
(05:37 / Allies) dunkard: omw
(06:04 / Allies) FlameChallenger: lumber
(06:37 / Allies) FlameChallenger: lumber
(06:57 / Allies) FlameChallenger: WOOD FOR THE LOVE OF FUCKING GOD!
(07:12 / Allies) FlameChallenger: Much obliged!
(07:55 / Allies) eric213: omw
(08:03 / Allies) eric213: no tp
(08:05 / Allies) eric213: those grunts dead
(08:07 / All) FlameChallenger: Jesus christ
(08:09 / All) FlameChallenger: you guys are fucking lucky
(08:29 / All) FlameChallenger: Different build then this gay shit
(09:53 / All) eric213: slut
(11:07 / Allies) FlameChallenger: time to rape red and blue's assholes
(11:58 / All) dunkard: LOL
(16:41 / Allies) dunkard: we should hit
(18:22 / All) FlameChallenger: Lol goodbye to your goldmine faggot
(18:59 / All) FlameChallenger: looool
(19:08 / Allies) eric213: inc
(19:45 / All) FlameChallenger: Sup?
(20:50 / All) FlameChallenger: no gold red? loool
(23:05 / Allies) eric213: guess ill get cows
(24:57 / All) FlameChallenger: Little nigger
(25:06 / All) FlameChallenger: lool
(25:08 / All) FlameChallenger: good trade huh?
(25:14 / All) FlameChallenger: I'll just buy mine back with my 7k gold
(25:36 / Allies) FlameChallenger: guard it
(26:00 / All) eric213: yea slut dont flex up at my nutts
(26:35 / All) eric213: little whore